 Dungeon Sprint DCSS version 0.17-a0-1655-g88a8506 (webtiles) character file.

3543 Kidiri the Unseen (level 9, -6/39 HPs)
             Began as a Spriggan Enchanter on Aug 15, 2015.
             Was a High Priest of Dithmenos.
             Mangled by a spriggan rider
             ... wielding a cursed -1 spear
              (23 damage)
             ... in the Dungeon (Sprint V: "Ziggurat Sprint").
             The game lasted 00:12:37 (1435 turns).

Kidiri the Unseen (Spriggan Enchanter)              Turns: 1435, Time: 00:12:37

Health: -6/39      AC:  3    Str:  4    XL:     9   Next: 82%
Magic:  10/24      EV: 32    Int: 24    God:    Dithmenos [*****.]
Gold:   0          SH: 12    Dex: 24    Spells: 8 memorised, 6 levels left

rFire  . . .     SeeInvis +     I - +5 quick blade
rCold  . . .     Clarity  .     b - +1 robe
rNeg   . . .     SustAt   .     J - +3 buckler
rPois  .         Gourm    .     (helmet restricted)
rElec  .         Spirit   .     (no cloak)
rCorr  .         Warding  .     (gloves unavailable)
rMut   .         NoTele   +     (boots unavailable)
MR     +....                    (no amulet)
Stlth  ++++++++++               A - +6 ring of intelligence
                                y - +6 ring of dexterity

@: wreathed by umbra, repel missiles, very quick, somewhat resistant to hostile
enchantments, uncannily stealthy
A: unfitting armour, see invisible, herbivore 3, speed 3, slow metabolism 2
a: Shadow Step, Shadow Form, Renounce Religion


You were in the Dungeon.
You worshipped Dithmenos.
Dithmenos was extremely pleased with you.
You were not hungry.

You visited 1 branch

Inventory:

Hand weapons
 I - a +5 quick blade (weapon)
Armour
 b - a +1 robe (worn)
 J - a +3 buckler (worn)
 K - a +5 gold dragon armour
Jewellery
 a - the ring "Nayn" {+Fly Str-4 Int+6}
   (You found it in the Dungeon)

   [ring of flight]

   It affects your strength (-4).
   It affects your intelligence (+6).
   It lets you fly.
 n - the ring of Dyruimabb {*Drain rPois rC+ MR+}
   (You found it in the Dungeon)

   [ring of protection from magic]

   It protects you from cold.
   It protects you from poison.
   It affects your resistance to hostile enchantments.
   It causes draining when unequipped.
 y - a +6 ring of dexterity (left hand)
 z - a +6 ring of dexterity
 A - a +6 ring of intelligence (right hand)
 B - a +6 ring of intelligence
 C - a +6 ring of strength
 D - a +6 ring of strength
Magical devices
 E - a wand of disintegration (7)
 G - a wand of cold (5)
 H - a wand of draining (5)
Scrolls
 j - 4 scrolls of blinking
 q - 4 scrolls of amnesia
 r - 3 scrolls of recharging
 s - 7 scrolls of fog
 t - a scroll of holy word
 u - 5 scrolls of identify
 v - 5 scrolls of remove curse
 w - 2 scrolls of fear
Potions
 e - 3 potions of curing
 f - 7 potions of heal wounds
 g - 6 potions of haste
 h - 7 potions of magic
 i - 2 potions of berserk rage
 k - 2 potions of brilliance
 l - 2 potions of invisibility
 m - 4 potions of resistance
 o - 5 potions of agility
 p - 5 potions of might
Books
 c - a book of Clouds

   Spells                             Type                      Level
   a - Mephitic Cloud                 Conjuration/Poison/Air       3
   b - Conjure Flame                  Conjuration/Fire             3
   c - Poisonous Cloud                Conjuration/Poison/Air       6
   d - Freezing Cloud                 Conjuration/Ice/Air          6
   e - Ring of Flames                 Charms/Fire                  7
Comestibles
 d - 5 bread rations
 x - 42 fruits


   Skills:
 + Level 6.5 Short Blades
 * Level 6.2 Armour
 * Level 12.0 Dodging
 * Level 15.3 Stealth
 * Level 6.2 Shields
 * Level 10.5 Spellcasting
 + Level 3.7 Conjurations
 + Level 8.2 Hexes
 + Level 2.8 Charms
 + Level 4.8 Ice Magic
 + Level 1.9 Air Magic
 + Level 1.7 Poison Magic
 - Level 2.6 Invocations


You had 6 spell levels left.
You knew the following spells:

 Your Spells              Type           Power        Failure   Level  Hunger
a - Corona                Hex            ######.      1%          1    None
b - Ensorcelled Hibernat  Hex/Ice        #####.       1%          2    None
c - Confuse               Hex            ######..     1%          3    None
d - Tukima's Dance        Hex            ######..     1%          3    None
e - Dazzling Spray        Conj/Hex       #####...     1%          3    None
f - Repel Missiles        Chrm/Air       ###...       2%          2    None
g - Mephitic Cloud        Conj/Pois/Air  ###.....     8%          3    None
h - Freezing Cloud        Conj/Ice/Air   ####......   99%         6    #####..


Dungeon Overview and Level Annotations

Branches:
Dungeon (1/1)

Altars:
Ashenzari
Cheibriados
Dithmenos
Elyvilon
Fedhas
Gozag
Kikubaaqudgha
Makhleb
Nemelex Xobeh
Okawaru
Qazlal
Ru
Sif Muna
Trog
Vehumet
Xom
Yredelemnul
Zin
The Shining One
Beogh
Jiyva
Lugonu


Innate Abilities, Weirdness & Mutations

You are tiny and cannot use many weapons and most armour.
You have supernaturally acute eyesight.
You are a herbivore.
You cover ground extremely quickly.
You need consume almost no food.


Message History

Confirm with . or Enter, or press ? or * to list all spells.
Aiming: Ensorcelled Hibernation
Press: ? - help, Shift-Dir - straight line, f/p - black bear
Aim: a black bear (black smoke, umbra, chance to defeat MR: 69%)
The black bear struggles to resist.
Your shadow mimicks your spell!
The black bear resists with some effort.
The black bear completely misses you. The black bear barely misses you.
The black bear completely misses you. The spriggan rider misses you.
You block the black bear's attack. x3
Casting: Ensorcelled Hibernation
Confirm with . or Enter, or press ? or * to list all spells.
Aiming: Ensorcelled Hibernation
Press: ? - help, Shift-Dir - straight line, f/p - black bear
Aim: a black bear (black smoke, umbra, chance to defeat MR: 69%)
The black bear struggles to resist.
The black bear misses you.
The black bear completely misses you. x2
The spriggan rider hits you with a spear!!
Ouch! That really hurt!
You die...

▓...)....▓..}.:...▓
▓........▓........▓
▓........▓........▓
▓........▓.▓....▓.▓
▓........▓%.......▓
▓▓▓▓▓▓▓▓▓▓▓▓▓▓▓▓▓▓▓
▓.§§8§8...▓..8©8..▓
▓.§§§i)...▓..)|)..▓
▓.§§@h§...▓..:.:..▓
▓..§§h§...▓.......▓
▓...§§§...▓.......▓
▓.........▓.......▓
▓.........▓....%..▓
▓.▓.....▓.▓.▓..%▓.▓
▓.........▓.......▓
▓▓▓▓▓▓▓▓▓▓▓▓▓▓▓▓▓▓▓
▓..8©8..▓


You could see a spriggan rider (blind) and 2 black bears.

Vanquished Creatures
  A spriggan (D)
  A wolf spider (D)
  2 fire drakes (D)
  A jumping spider (D)
  3 slime creatures (D)
  2 tarantellas (D)
  A golden eye (D)
  A water moccasin (D)
  A naga (D)
  3 swamp drakes (D)
  A wasp (D)
  3 black bears (D)
  2 necrophages (D)
  2 scorpions (D)
  A jelly (D)
  A crimson imp (D)
  A white imp (D)
  2 giant eyeballs (D)
  3 oozes (D)
  A ball python (D)
  A giant cockroach zombie (D)
  A quokka zombie (D)
35 creatures vanquished.

Notes
Turn   | Place    | Note
--------------------------------------------------------------
     0 | D        | Kidiri the Spriggan Enchanter began the quest for the Orb.
     0 | D        | Reached XP level 1. HP: 9/9 MP: 5/5
     0 | D        | Found a roughly hewn altar of Beogh.
     0 | D        | Found a corrupted altar of Lugonu.
     0 | D        | Found a viscous altar of Jiyva.
     0 | D        | Found a white marble altar of Elyvilon.
     0 | D        | Found a sparkling altar of Nemelex Xobeh.
     0 | D        | Found a burning altar of Makhleb.
     0 | D        | Found an iron altar of Okawaru.
     0 | D        | Found a deep blue altar of Sif Muna.
     0 | D        | Found a radiant altar of Vehumet.
     0 | D        | Found a bloodstained altar of Trog.
     0 | D        | Found a shimmering altar of Xom.
    64 | D        | Became a worshipper of Dithmenos the Shadowed
    65 | D        | Reached skill level 9 in Stealth
    65 | D        | Reached XP level 2. HP: 13/13 MP: 6/6
    69 | D        | Learned a level 2 spell: Ensorcelled Hibernation
   102 | D        | Entered arena 1.
   102 | D        | Noticed a crimson imp
   106 | D        | Killed a crimson imp
   106 | D        | Reached XP level 3. HP: 11/16 MP: 4/8
   167 | D        | Learned a level 3 spell: Confuse
   171 | D        | Learned a level 3 spell: Tukima's Dance
   253 | D        | Entered arena 2.
   253 | D        | Noticed a naga
   253 | D        | Noticed a water moccasin
   266 | D        | Killed a naga
   266 | D        | Reached skill level 5 in Dodging
   266 | D        | Reached skill level 10 in Stealth
   266 | D        | Reached skill level 5 in Spellcasting
   266 | D        | Reached skill level 1 in Ice Magic
   266 | D        | Reached XP level 4. HP: 10/21 MP: 2/12
   266 | D        | Reached XP level 5. HP: 11/24 MP: 2/13
   269 | D        | Killed a water moccasin
   269 | D        | Reached skill level 11 in Stealth
   269 | D        | Reached skill level 5 in Hexes
   279 | D        | Got the ring "Nayn" {+Fly Str-4 Int+6}
   464 | D        | Learned a level 3 spell: Dazzling Spray
   465 | D        | Entered arena 3.
   465 | D        | Noticed a jelly
   465 | D        | Noticed a golden eye
   465 | D        | Noticed a slime creature
   478 | D        | Acquired Dithmenos's first power
   480 | D        | Killed a golden eye
   480 | D        | Reached skill level 1 in Conjurations
   480 | D        | Reached XP level 6. HP: 16/28 MP: 9/16
   487 | D        | Killed a slime creature
   487 | D        | Reached skill level 12 in Stealth
   487 | D        | Reached XP level 7. HP: 18/32 MP: 9/18
   490 | D        | Killed a jelly
   493 | D        | Got the ring of Dyruimabb {*Drain rPois rC+ MR+}
   688 | D        | Entered arena 4.
   688 | D        | Noticed a necrophage
   688 | D        | Noticed a necrophage
   693 | D        | Acquired Dithmenos's second power
   696 | D        | Killed a necrophage
   704 | D        | Killed a necrophage
   763 | D        | Entered arena 5.
   763 | D        | Noticed a swamp drake
   763 | D        | Noticed a fire drake
   763 | D        | Noticed a fire drake
   763 | D        | Noticed a swamp drake
   763 | D        | Noticed a swamp drake
   800 | D        | Killed a swamp drake
   800 | D        | Reached skill level 13 in Stealth
   802 | D        | Killed a swamp drake
   802 | D        | Acquired Dithmenos's third power
   803 | D        | Killed a swamp drake
   803 | D        | Reached skill level 5 in Short Blades
   803 | D        | Reached XP level 8. HP: 21/36 MP: 11/21
   807 | D        | Killed a fire drake
   807 | D        | Reached skill level 10 in Dodging
   813 | D        | Killed a fire drake
   813 | D        | Acquired Dithmenos's fourth power
  1035 | D        | Entered arena 6.
  1035 | D        | Noticed a tarantella
  1035 | D        | Noticed a wolf spider
  1035 | D        | Noticed a scorpion
  1035 | D        | Noticed a jumping spider
  1035 | D        | Noticed a tarantella
  1035 | D        | Noticed a scorpion
  1041 | D        | Killed a tarantella
  1041 | D        | Reached skill level 5 in Armour
  1041 | D        | Reached skill level 5 in Shields
  1047 | D        | Killed a scorpion
  1048 | D        | Killed a tarantella
  1055 | D        | Killed a scorpion
  1055 | D        | Reached skill level 14 in Stealth
  1057 | D        | Killed a jumping spider
  1074 | D        | Killed a wolf spider
  1074 | D        | Reached XP level 9. HP: 31/39 MP: 1/23
  1087 | D        | Identified the Disquisition on Assistive Malediction (You found it in the Dungeon)
  1090 | D        | Identified the Disquisition on Assistive Malediction (You found it in the Dungeon)
  1093 | D        | Learned a level 2 spell: Repel Missiles
  1205 | D        | Learned a level 3 spell: Mephitic Cloud
  1212 | D        | Learned a level 6 spell: Freezing Cloud
  1279 | D        | Entered arena 7.
  1279 | D        | Noticed a slime creature
  1279 | D        | Noticed a slime creature
  1282 | D        | Killed a slime creature
  1282 | D        | Reached skill level 1 in Charms
  1285 | D        | Killed a slime creature
  1285 | D        | Reached skill level 10 in Spellcasting
  1285 | D        | Reached skill level 1 in Air Magic
  1285 | D        | Reached skill level 1 in Poison Magic
  1423 | D        | Entered arena 8.
  1423 | D        | Noticed a black bear
  1423 | D        | Noticed a black bear
  1423 | D        | Noticed a spriggan rider
  1423 | D        | Noticed a black bear
  1423 | D        | Noticed a spriggan rider
  1423 | D        | Noticed a black bear
  1423 | D        | Noticed a black bear
  1426 | D        | Killed a spriggan rider
  1426 | D        | Killed a wasp
  1426 | D        | Reached skill level 15 in Stealth
  1427 | D        | Killed a black bear
  1428 | D        | Killed a black bear
  1431 | D        | Killed a black bear
  1435 | D        | Mangled by a spriggan rider

Vault maps used:
D:        sprint_v

Action                   |  1- 3 |  4- 6 |  7- 9 || total
-------------------------+-------+-------+-------++-------
Melee: Quick blade       |     7 |    17 |    66 ||    90
 Cast: Ensorcelled Hiber |     5 |       |     9 ||    14
       Corona            |     1 |       |     1 ||     2
       Dazzling Spray    |       |     2 |    13 ||    15
       Repel Missiles    |       |       |     1 ||     1
Invok: Shadow Step       |       |       |     2 ||     2
  Use: Potion            |     4 |     3 |     5 ||    12
 Stab: Sleeping          |     2 |       |    11 ||    13
       Invisible         |       |     1 |     3 ||     4
       Confused          |       |       |     2 ||     2
